Map: Darkness Sanctuary LE

Players

Neuro - Winner!

  • Race: Zerg Zerg
  • League: Master
  • Spawn Location: 5:00

Savage

  • Race: Zerg Zerg
  • League: Master
  • Spawn Location: 1:00

VOD

Have the link to the VOD?

Description

Time

  • Played on: July 18, 2018, 11:43 a.m.
  • Length: 5:09
Show
View Real Time Build Order
Export as new Build Order

Neuro Zerg - Winner!

Build Orders: Hatch First 

Get SALT Encoding   

  12  0:01  Drone  
  13  0:13  Overlord  
  13  0:18  Drone  
  14  0:31  Drone x2  
  16  0:36  Drone  
  17  0:54  Hatchery  
  17  0:57  Drone  
  17  0:59  Drone  
  18  1:11  Extractor  
  18  1:15  Spawning Pool  
  18  1:18  Drone  
  17  1:21  Drone  
  18  1:29  Drone  
  19  1:39  Overlord  
  19  1:50  Drone  
  20  2:01  Queen  
  20  2:02  Drone  
  20  2:06  Queen  
  20  2:07  Drone  
  26  2:12  Drone  
  26  2:13  Evolution Chamber  
  26  2:18  Spine Crawler  
  25  2:23  Drone x2  
  25  2:29  Drone  
  28  2:33  Drone  
  29  2:38  Zerg Ground Armor Level 1  
  29  2:44  Overlord  
  29  2:50  Queen  
  31  3:02  Drone  
  31  3:03  Drone x3  
  35  3:06  Drone  
  35  3:11  Metabolic Boost  
  36  3:12  Overlord  
  36  3:18  Overlord  
  36  3:31  Zergling x8, Baneling Nest  
  39  3:40  Zergling x2  
  39  3:41  Zergling x6  
  47  3:55  Zergling x10  
  48  4:04  Zergling x8  
  48  4:08  Hatchery  
  51  4:17  Zergling x4  
  53  4:25  Zergling x10  
  53  4:30  Baneling x5  
  56  4:40  Overlord  
  56  4:42  Drone  
  57  4:51  Zergling x8  
Show
View Real Time Build Order
Export as new Build Order

Savage Zerg 

Build Orders: Hatch First 

Get SALT Encoding   

  12  0:00  Drone  
  13  0:14  Overlord  
  13  0:18  Drone  
  14  0:32  Drone  
  14  0:33  Drone  
  16  0:50  Hatchery  
  16  0:53  Drone  
  16  0:56  Drone  
  17  1:11  Spawning Pool  
  16  1:15  Extractor  
  16  1:17  Drone  
  16  1:20  Drone  
  16  1:23  Drone  
  18  1:34  Drone  
  19  1:43  Overlord  
  19  1:58  Queen  
  19  1:59  Zergling x2  
  22  2:03  Queen  
  22  2:04  Zergling x4  
  26  2:15  Metabolic Boost  
  26  2:17  Drone  
  26  2:18  Drone  
  28  2:26  Drone x2  
  30  2:45  Hatchery  
  30  2:49  Drone  
  30  2:50  Drone  
  31  3:01  Baneling Nest  
  30  3:07  Evolution Chamber  
  30  3:08  Drone x3  
  32  3:13  Drone  
  32  3:14  Drone  
  32  3:16  Overlord  
  34  3:20  Drone  
  35  3:36  Drone x5  
  39  3:52  Evolution Chamber  
  39  3:53  Zergling x10  
  42  3:58  Queen  
  44  4:04  Baneling Nest  
  44  4:07  Zergling x6  
  46  4:23  Overlord x2  
  46  4:28  Zergling x8  
  50  4:36  Zergling x2  
  50  4:37  Overlord  
  49  4:40  Overlord  
  49  4:44  Zergling x6  
  52  4:48  Zergling x2  
Tags
 
Add a new tag
Caveats
  • Supply blocks, unpowered buildings, or Contaminate may cause inaccurate times.
  • Supply counts are checked every 10 seconds.